Cogmind - Beta 16 --- EXPLORER MODE // 2025.12.16 @ 14:45:33 Player: K.K.Y. Result: Destroyed by KU-UPG(R) with Subdweller Laser Performance ------------- Evolutions (0) 0 Regions Visited (3) 600 Robots Destroyed (38) 190 Value Destroyed (808) 808 Prototype IDs (1) 20 Alien Tech Used (0) 0 Bonus (0) 0 TOTAL SCORE: 1618 Bonus ------- None Cogmind --------- Core Integrity 0/250 Matter 295/300 Energy 200/200 System Corruption 0% Temperature Cool (6) Movement Core (200) Ox3 Location -10/Subcaves Parts ------- > --- POWER (1) -------- Subdweller Power Source > --- PROPULSION (2) --- (None) > --- UTILITY (3) ------ Machine Analyzer > --- WEAPON (2) ------- Makeshift Axe Makeshift Spear > --- INVENTORY (5) ---- Huge Storage Unit Experimental Sensor Array Improved Terrain Scanner Medium Laser Mining Laser Peak State ------------ > --- POWER ------------ Ion Engine > --- PROPULSION ------- Light Treads Light Treads > --- UTILITY ---------- Small Storage Unit Structural Scanner Experimental Sensor Array > --- WEAPON ----------- Medium Laser Medium Laser > --- INVENTORY -------- Weight Redist. System Improved Terrain Scanner Mining Laser [Rating: 16] Favorites ----------- Power Ion Engine Engine Ion Engine Power Core Light Nuclear Core Propulsion Light Treads Treads Light Treads Utility Structural Scanner Device Structural Scanner Storage Small Storage Unit Processor Targeting Computer Weapon Medium Laser Energy Gun Medium Laser Ballistic Gun Light Assault Rifle Slashing Weapon Makeshift Axe Piercing Weapon Makeshift Spear Build | -11 -10 -10 -10 ------- Run | Yrd Mat Min Sub Slots Evolved 1 | . 1 . . Power . | . . . . Propulsion . | . . . . Utility 1 | . 1 . . Weapon . | . . . . Parts Attached 17 | 6 4 2 5 Power 3 | 1 . 1 1 Engine 2 | 1 . . 1 Core 1 | . . 1 . Reactor . | . . . . Propulsion 2 | 2 . . . Treads 2 | 2 . . . Leg . | . . . . Wheel . | . . . . Hover . | . . . . Flight . | . . . . Utility 6 | 1 2 1 2 Device 3 | . 1 1 1 Storage 1 | . 1 . . Processor 2 | 1 . . 1 Hackware . | . . . . Protection . | . . . . Artifact . | . . . . Weapon 6 | 2 2 . 2 Energy Gun 3 | 1 2 . . Energy Cannon . | . . . . Ballistic Gun 1 | 1 . . . Ballistic Cannon . | . . . . Launcher . | . . . . Special Weapon . | . . . . Impact Weapon . | . . . . Slashing Weapon 1 | . . . 1 Piercing Weapon 1 | . . . 1 Special Melee Weapon . | . . . . Unidentified Prototypes 1 | . . 1 . Parts Lost 7 | . . . 7 Power 1 | . . . 1 Propulsion 2 | . . . 2 Utility 3 | . . . 3 Weapon 1 | . . . 1 Highest Loss Streak 3 | . . . 3 To Critical Strikes . | . . . . Average Backups 3 | . 2 3 5 Power . | . . . . Propulsion . | . . . . Utility 2 | . 1 2 3 Weapon 1 | . 1 1 1 Tool/Special . | . . . . Unused Backups 4 | . . 1 3 Power . | . . . . Propulsion . | . . . . Utility 2 | . . . 2 Weapon 2 | . . 1 1 Tool/Special . | . . . . Average Slot Usage (%) 82 | . 86 95 64 Engine 7 | . 12 8 4 Core 3 | . . 3 6 Treads 18 | . 25 25 8 Device 12 | . 11 12 14 Storage 7 | . . 12 6 Processor 7 | . 12 7 3 Energy Gun 17 | . 16 25 8 Ballistic Gun 1 | . 7 . . Slashing Weapon 3 | . . . 8 Peak Build Rating 16 | 6 8 16 15 Average Rating 8 | 5 6 8 11 On Entrance 6 | . 6 8 10 Avg Prop Armor Cover (%) . | . . . . Naked Turns . | . . . . Heaviest Build 16 | 7 15 16 16 Greatest Support 40 | 40 40 40 40 Greatest Overweight (x) 4 | . . . 4 Average Overweight (x) . | . . . . Largest Inventory Capacity 8 | 5 8 8 8 Average Capacity 6 | 5 5 8 6 Most Carried 6 | 4 5 6 6 Average Carried 3 | . 2 3 5 Final Capacity 8 | 5 8 8 5 Final Carried 5 | 2 3 5 5 Class Distribution -------------------- 100% | Hacker-Mutant Dominant Class ---------------- Hacker-Mutant | -10/Materials Hacker-Mutant | -10/Mines Hacker-Mutant | -10/Subcaves Resources | -11 -10 -10 -10 ----------- Run | Yrd Mat Min Sub Matter Collected 400 | 282 48 30 40 Remotely . | . . . . Salvage Created 1272 | 296 299 262 415 Parts 75 | 30 13 5 27 Haulers Intercepted 2 | . 2 . . Recyclers Shooed 1 | . 1 . . Parts Field Recycled . | . . . . Retrieved Matter . | . . . . Parts Self-Destructed . | . . . . Prevented . | . . . . Parts Restored . | . . . . Kills | -11 -10 -10 -10 ------- Run | Yrd Mat Min Sub Combat Hostiles Destroyed 19 | . 2 5 12 Melee 8 | . . . 8 Guns 9 | . 2 3 4 Classes Destroyed 9 | 3 3 . 3 Worker 3 | 3 . . . Tunneler 9 | 8 . 1 . Hauler 2 | . 2 . . Recycler 2 | 1 1 . . Turret 2 | . . . 2 Watcher 1 | . 1 . . Swarmer 4 | . . . 4 Grunt 7 | . 2 5 . Subdweller 8 | . . . 8 Best Kill Streak 5 | 4 2 2 5 Combat Bots Only 4 | . 2 2 4 Max Kills in Single Turn 2 | 1 1 1 2 Gunslinging 1 | . . . 1 Exploded . | . . . . Melee 1 | . . . 1 Uniques/NPCs Destroyed . | . . . . Combat | -11 -10 -10 -10 -------- Run | Yrd Mat Min Sub Hostile Shots Fired 135 | . 4 43 88 Missed 40 | . 1 10 29 Hits 95 | . 3 33 59 Projectile 95 | . 3 33 59 AOE 3 | . . 2 1 Critical Strikes 1 | . . . 1 Damage Taken 812 | . 26 310 476 Core 260 | . . 58 202 Absorbed by Shields . | . . . . Ignored by Resistances 509 | . 17 191 301 Core Remaining (%) 100 | 100 . . . Volleys Fired 82 | 22 24 24 12 Largest 2 | 2 2 2 2 Hottest 100 | 60 100 100 100 Shots Fired 162 | 44 46 48 24 Gun 162 | 44 46 48 24 Cannon . | . . . . Launcher . | . . . . Special . | . . . . Kinetic 40 | 22 18 . . Thermal 122 | 22 28 48 24 Explosive . | . . . . Electromagnetic . | . . . . Robot Hit Streak 45 | 16 24 45 16 Robot Miss Streak 2 | 2 1 1 1 Penetration Max . | . . . . Secondary Targets 4 | . 1 1 2 Max Gunslinging Chain 1 | . 1 1 1 Shots Hit Robots 162 | 31 40 43 48 Core Hits 58 | 16 13 11 18 Critical Kills . | . . . . Critical Parts Destroyed . | . . . . Critical Strikes 7 | . . 5 2 Burn 7 | . . 5 2 Melee Attacks 56 | . . . 56 Impact . | . . . . Slashing 52 | . . . 52 Piercing 4 | . . . 4 Sneak Attacks . | . . . . Combat Hostiles . | . . . . Follow-up Attacks . | . . . . Damage Inflicted 2405 | 321 425 537 1122 Guns 1533 | 321 425 537 250 Cannons . | . . . . Explosions . | . . . . Melee 872 | . . . 872 Ramming . | . . . . Kinetic 237 | 92 145 . . Thermal 1296 | 229 280 537 250 Explosive . | . . . . Electromagnetic . | . . . . Impact . | . . . . Slashing 793 | . . . 793 Piercing 79 | . . . 79 Highest Corruption . | . . . . Average Corruption . | . . . . Corruption Purged . | . . . . Corruption Blocked . | . . . . Overload Shots . | . . . . Overflow Damage 4 | . . . 4 Projectiles . | . . . . Explosions . | . . . . Melee 4 | . . . 4 Knockbacks . | . . . . Impact . | . . . . Kinetic . | . . . . Secondary . | . . . . Self-Inflicted Damage . | . . . . Shots . | . . . . Rammed . | . . . . Targets Rammed . | . . . . Kicked . | . . . . Crushed . | . . . . Highest Temperature 424 | 40 180 424 15 Average Temperature 97 | 17 43 169 5 Received Heat Transfer 504 | . 24 228 252 Effects 5 | . . 5 . Shutdowns 1 | . . 1 . Short Circuit 1 | . . 1 . Damage (major) 3 | . . 3 . Siege Activations . | . . . . Martial Activations . | . . . . Shielding Activations . | . . . . Robots Disrupted . | . . . . Combat Hostiles . | . . . . Robots Corrupted . | . . . . Combat Hostiles . | . . . . Parts Fried . | . . . . Impact Corruptions . | . . . . Robots Melted 2 | . . 2 . Combat Hostiles 2 | . . 2 . Parts Melted 9 | . 1 7 1 Heat Transferred 4106 | 525 732 1961 888 Parts Sabotaged . | . . . . Parts Stolen . | . . . . Parts Stripped . | . . . . Power Chain Reactions . | . . . . Alert | -11 -10 -10 -10 ------- Run | Yrd Mat Min Sub Maximum Alert Level . | . . . . Low Security (%) 100 | 100 100 100 . Level 1 . | . . . . Level 2 . | . . . . Level 3 . | . . . . Level 4 . | . . . . Level 5 . | . . . . High Security . | . . . . Max Security . | . . . . Peak Influence 50 | 15 50 35 . Initial 6 | . 2 6 . Average 3 | 1 3 3 . Influence Increases 481 | 60 76 135 210 Destroy 0b10 Robot/C 260 | . 40 100 120 Destroy 0b10 Robot/NC 85 | 60 20 5 . Destroy Leader 46 | . 16 30 . Lose Combat Pursuer 90 | . . . 90 Influence Decreases 481 | 55 56 160 210 Entered New Map 22 | . 3 19 . Time Decay 449 | 55 53 141 200 Lost Part 10 | . . . 10 Squads Dispatched . | . . . . Investigation . | . . . . Extermination . | . . . . Reinforcement . | . . . . Assault . | . . . . Garrison . | . . . . Intercept . | . . . . Searches Triggered . | . . . . Construction Impeded . | . . . . Haulers Reinforced . | . . . . Active Scanning Responses . | . . . . Cargo Convoy Interrupts . | . . . . Stealth | -11 -10 -10 -10 --------- Run | Yrd Mat Min Sub Distress Signals . | . . . . Communications Jammed . | . . . . Distress Signals . | . . . . Times Spotted 29 | . 4 7 18 Peak Tracking Total 6 | . 2 3 6 Tactical Retreats 2 | . . . 2 Traps | -11 -10 -10 -10 ------- Run | Yrd Mat Min Sub Traps Triggered . | . . . . Indirectly . | . . . . Trap Hack Attempts . | . . . . Triggered . | . . . . Disarmed . | . . . . Reprogrammed . | . . . . Reused . | . . . . Traps Extracted . | . . . . Installed . | . . . . Triggered . | . . . . Machines | -11 -10 -10 -10 ---------- Run | Yrd Mat Min Sub Machines Disabled 1 | . . . 1 Max in Single Turn 1 | . . . 1 Machines Repaired . | . . . . Machines Dismantled . | . . . . Machines Sabotaged . | . . . . Overloaded Fab Kills . | . . . . Hacking | -11 -10 -10 -10 --------- Run | Yrd Mat Min Sub Machines Accessed 1 | . 1 . . Terminals . | . . . . Fabricators . | . . . . Repair Stations . | . . . . Recycling Units 1 | . 1 . . Scanalyzers . | . . . . Garrison Access . | . . . . Total Hacks 1 | . 1 . . Successful 1 | . 1 . . Failed . | . . . . Catastrophic . | . . . . Database Lockouts . | . . . . Manual . | . . . . Terminals . | . . . . Fabricators . | . . . . Repair Stations . | . . . . Recycling Units 1 | . 1 . . Scanalyzers . | . . . . Garrison Access . | . . . . Terminal Hacks . | . . . . Fabricator Hacks . | . . . . Repair Station Hacks . | . . . . Recycling Unit Hacks 1 | . 1 . . Retrieve Components 1 | . 1 . . Scanalyzer . | . . . . Garrison Access Hacks . | . . . . Unauthorized Hacks . | . . . . Terminals . | . . . . Fabricators . | . . . . Repair Stations . | . . . . Recycling Units . | . . . . Scanalyzers . | . . . . Garrison Access . | . . . . Data Cores Recovered . | . . . . Used . | . . . . Hacking Detections . | . . . . Full Trace Events . | . . . . Feedback Events . | . . . . Feedback Blocked . | . . . . Robot Schematics Acquired . | . . . . Robots Built . | . . . . Authchips . | . . . . Time . | . . . . Total Robot Build Rating . | . . . . Part Schematics Acquired . | . . . . Parts Built . | . . . . Authchips . | . . . . Time . | . . . . Total Part Build Rating . | . . . . Part Studies Acquired . | . . . . Parts Repaired . | . . . . Time . | . . . . Parts Recycled . | . . . . Recycled Matter . | . . . . Retrieved Matter . | . . . . Retrieved Components 1 | . 1 . . Parts Scanalyzed . | . . . . Part Schematics Acquired . | . . . . Parts Damaged . | . . . . Bothacking | -11 -10 -10 -10 ------------ Run | Yrd Mat Min Sub Used RIF Installer . | . . . . Robots Hacked . | . . . . Non-combat . | . . . . Combat . | . . . . Robot Hacks Applied . | . . . . Relay Couplers Released . | . . . . Fabnet Peak Effective % . | . . . . Robots Rewired . | . . . . Allies Hacked . | . . . . Hacks Repelled . | . . . . Allies | -11 -10 -10 -10 -------- Run | Yrd Mat Min Sub Total Allies . | . . . . Largest Group . | . . . . Highest-Rated Group . | . . . . Highest-Rated Ally . | . . . . Total Orders . | . . . . Ally Attacks . | . . . . Total Damage . | . . . . Kills . | . . . . Allies Corrupted . | . . . . Allies Melted . | . . . . Intel | -11 -10 -10 -10 ------- Run | Yrd Mat Min Sub Active Infowar (turns) 2707 | . 581 1139 987 Sensors 53 | . . 53 . Structural 2700 | . 581 1139 980 Machine Analysis 284 | . . . 284 Robot Analysis Total . | . . . . Derelict Logs Recovered . | . . . . Drone Launches . | . . . . Drone Recoveries . | . . . . Exploration | -11 -10 -10 -10 ------------- Run | Yrd Mat Min Sub Turns Passed 3055 | 313 616 1139 987 Spaces Moved 1543 | 153 303 573 514 Core 293 | 14 . . 279 Treads 1250 | 139 303 573 235 Legs . | . . . . Wheels . | . . . . Hover . | . . . . Flight . | . . . . Fastest Speed 50 | 50 160 160 50 Average Speed 153 | 149 160 160 144 Slowest Speed 250 | 160 160 160 250 Overloaded Moves . | . . . . Propulsion Burnouts . | . . . . Robots Hopped . | . . . . Potential Cave-ins . | . . . . Cave-ins Triggered . | . . . . Exploration Rate (%) 48 | 8 44 98 45 Regions Visited 3 Branch Regions 2 Pre-discovered Areas . | . . . . Known Exits Taken 3 | 1 1 1 . Unknown Exits Taken . | . . . . Scrap Searched 6 | . . 2 4 Spaces Dug . | . . . . Terrain Destroyed . | . . . . Melee . | . . . . Projectile . | . . . . AOE . | . . . . Terrain Rammed . | . . . . Walls Destroyed . | . . . . Machines Disabled . | . . . . Actions | -11 -10 -10 -10 --------- Run | Yrd Mat Min Sub Total 2014 | 197 393 750 674 Wait 292 | 9 56 141 86 Move 1540 | 152 302 572 514 Hop . | . . . . Pick Up 19 | 8 5 5 1 Fast Attach 4 | . . . 4 Attach 12 | 6 4 2 . Detach 3 | . . 3 . Swap 1 | . . . 1 Drop 5 | . 2 3 . Fire 82 | 22 24 24 12 Melee 56 | . . . 56 Ram . | . . . . Kick . | . . . . Crush . | . . . . Escape Stasis . | . . . . Rewire . | . . . . Trap . | . . . . Miscellaneous . | . . . . Route ------- -11/Scrapyard -10/Materials (discovered 3 exits: *Mat / *Min x2) -10/Mines (discovered 4 exits: *Mat x2 / Exi / *Sub) -10/Subcaves (discovered 1 exit: *Rec) History --------- Turn | Location | Event 11 | -11/Scrapyard | Identified exit to Materials 11 | -11/Scrapyard | Discovered exit to Materials (range 16) 314 | -11/Scrapyard | Entered Materials 314 | -10/Materials | Evolved 1 slot: Utility x1 315 | -10/Materials | Build established: Hacker-Mutant 425 | -10/Materials | Identified exit to Mines 425 | -10/Materials | Discovered exit to Mines (range 10) 495 | -10/Materials | Identified exit to Materials 495 | -10/Materials | Discovered exit to Materials (range 6) 580 | -10/Materials | Discovered exit to Mines (range 16) 930 | -10/Materials | Entered Mines 975 | -10/Mines | Assembled infested the area 1155 | -10/Mines | Deemed a non-threat by the Exiles lab entrance 1155 | -10/Mines | Identified exit to Exiles 1155 | -10/Mines | Discovered exit to Exiles (range 6) 1237 | -10/Mines | Discovered exit to Materials (range 12) 1277 | -10/Mines | Discovered exit to Materials (range 9) 1615 | -10/Mines | Identified exit to Subcaves 1615 | -10/Mines | Discovered exit to Subcaves (range 7) 1633 | -10/Mines | Found a damaged Exp. Sensor Array with a note attached 1636 | -10/Mines | Found Prototype Device 1644 | -10/Mines | Identified Exp. Sensor Array 2005 | -10/Mines | Found a Scrap Suit stashed away for nefarious purposes 2069 | -10/Mines | Entered Subcaves 2070 | -10/Subcaves | Approached by a straggling Scientist 2225 | -10/Subcaves | Identified exit to Recycling 2225 | -10/Subcaves | Discovered exit to Recycling (range 14) 2560 | -10/Subcaves | Core integrity fell below 50% 2592 | -10/Subcaves | Lost 3 parts (1n1u1w) 2679 | -10/Subcaves | Core integrity fell below 20% 2838 | -10/Subcaves | Shifting Twisted Machinery released Sub. Optics 2867 | -10/Subcaves | Shifting Twisted Machinery released Battle Cannon 2873 | -10/Subcaves | Shifting Twisted Machinery released Mak. Spear 3025 | -10/Subcaves | Ambushed by Subdwellers from Twisted Machinery 3056 | -10/Subcaves | Destroyed by KU-UPG(R) with Subdweller Laser Last Messages --------------- 02633_ ZW-DSI(R) destroyed. 02637_ C1-J1V(R) destroyed. 02682_ 9D-J9M(R) destroyed. 02696_ Acquired Sub. Power Source. 02772_ Acquired Machine Analyzer. 02774_ Acquired 20 matter. 02775_ Weight Redist. System destroyed. 02789_ SU-T57(R) destroyed. 02799_ 3C-4OU(R) destroyed. Sub. Optics falls loose from the Twisted Machinery. Battle Cannon falls loose from the Twisted Machinery. Mak. Spear falls loose from the Twisted Machinery. 02884_ Acquired Mak. Spear. 03025_ GX-FU4(R) emerges from the Twisted Machinery. 03049_ Structural Scanner destroyed. 03050_ GX-FU4(R) destroyed. Map ----- +----------------------------------------------------+ | ?????????????????????????????????????????????????? | | ?????????????????????????????????????????????????? | | ?????????????????????????????????????????????????? | | ?????????????????????????????????????????????????? | | ?????????????????????????????????????????????????? | | ?????????????????????????????????????????????????? | | ?????????????????????????????????????????????????? | | ?????????????????????????????????????????????????? | | ?????????????????????????????????????????????????? | | ??????????????????????????###????????????????????? | | ?????????????????????????####????????????????????? | | ?????????????????? ? ##### ??????###???????????? | | ??????????????????? ? #### ??????? #####????????? | | ???????????????????" "" """?????? ## ##????????? | | ???????????????????" """""?????? ## "????????? | | ??????????????????? """" ???## ## ????????? | | ????????????????????"""" #?### ????????? | | ??????????????????"??"" ##### ???????? | | ?????????????????""""## #### ???????? | | ????????????????###""## ## #?????? | | ????????????????###"" # ?????? | | ????????????????##"" " ## ?????? | | ????????????????##"" " " #######???## ??????? | | ????????????????##" ####* " ########????????????? | | ????????????????###?#####%" ####?????????????????? | | ????????????????######## @R####??????????????????? | | ????????????????####### ####???????????????????? | | ????????????????### ###????????????????????? | | ????????????????## ##????????????????????? | | ????????????????## ###???????????????###??? | | ????????????????### ###???????????????###??? | | ??????????????###### ##????????????????## ??? | | ????????????######## ###????????????????## ??? | | ??????? ### # ############### ????# ??? | | ???????## #################???## ??? | | ???????### ###### ### ######## ??? | | ????????## ### # # ## ####### ?## | | ????????########### #### ### | | ????????????### ### # #### ### | | ??????????? ###### ###### | | ?????????? ### ###### ########## " | | ?????????? # ## ####### ##?### #### #### "# | | ??????????#####################?### ## #### # | | ??????????############????#####?## #### | | ??????????????????????????### ??## ###### | | ??????????????????????????## ??## ####### # | | ??????????????????????????## ??## ######## # | | ??????????????????????????### ### #### ### # | | ??????????????????????????### ### ##### ## # | | ?????????????????????????#### ## #### ## # | +----------------------------------------------------+ Best States ------------- Heat Dissipation 25 Energy Generation 15 Energy Capacity 250 Matter Stores 300 Matter Capacity 300 Sight Range 16 Robot Scan Range 20 Terrain Scan Density 10 Additional Mass Support 6 Resistance: KI 35 Resistance: TH 35 Resistance: EX 35 Resistance: EM 35 Resistance: I 35 Resistance: S 35 Resistance: P 35 Evasion (%) 50 Targeting Accuracy 5 Recoil Reduction 2 Offensive Hacking 20 Item Schematics ----------------- None Robot Schematics ------------------ None Fabricated ------------ Nothing Repaired ---------- Nothing Studied --------- None Alien Tech Used ----------------- None Achievements -------------- None Challenges ------------ None Game ------ Seed ControlAerolevLauncher Manual? 0 Play Time 00:18:07 Cumulative 202.7 hours Start 2025.12.16 @ 14:20:00 End 2025.12.16 @ 14:45:33 Sessions 1 Manual Loads 0 Difficulty Explorer Special Mode None Game No. 307 Rogue 0 Adventurer 0 Explorer 307 Win Type - Total 0 Types 0/0/0/0/0/0/0/0/0/0 Lore% 71 Gallery% 67 Achievement% 53 Wizard Run 0 Options --------- Layout 1 ASCII 0 Keyboard 0 Movement Mouse Keybinds 0 Fullscreen 1 Font 24/Smallcaps Map View 50x35 Zoom Use 0% Tactical HUD 1 Map Filters NONE Filters NONE Steam 1 RUN: 4dfe56ef-a255-43af-827f-aa0b5fc44992